 Dungeon Sprint DCSS version 0.29.1-15-g9cfb28693d (webtiles) character file.

Game seed: 11623991295010464324

51 Groucho the Trooper (level 3, -2/37 HPs)
             Began as a Naga Fighter on Apr 29, 2023.
             Slain by an iguana (11 damage)
             ... in the Dungeon (Sprint IX: "|||||||||||||||||||||||||||||").
             The game lasted 00:01:01 (572 turns).

Groucho the Trooper (Naga Fighter)                   Turns: 572, Time: 00:01:02

Health: -2/37      AC:  5    Str: 18    XL:     3   Next: 81%
Magic:  3/3        EV:  7    Int:  8    God:
Gold:   0          SH:  5    Dex: 12    Spells: 2/2 levels left

rFire   . . .      SeeInvis +   a - +0 war axe
rCold   . . .      Faith    .   c - +0 buckler
rNeg    . . .      Spirit   .   b - +0 scale mail
rPois   +          Reflect  .   (no helmet)
rElec   .          Harm     .   (no cloak)
rCorr   .          Rampage  .   (no gloves)
Will    .....      NoTele   +   (no barding)
Stlth   ..........              (no amulet)
HPRegen 0.12/turn               (no ring)
MPRegen 0.08/turn               (no ring)

@: on berserk cooldown, slowed, very slow
A: AC +1, large, see invisible, deformed body, poison resistance, slowness 2,
spit poison 1, naga tail 1
a: Spit Poison


You were in the Dungeon.
You visited 1 branch

Inventory:

Hand Weapons
 a - a +0 war axe (weapon)
Armour
 b - a +0 scale mail (worn)
 c - a +0 buckler (worn)
Scrolls
 j - a scroll of blinking
Potions
 d - a potion of might
 e - a potion of curing
 g - a potion of haste
 h - 2 potions of magic


   Skills:
 + Level 4.6 Fighting
 + Level 4.0 Axes
 + Level 3.8 Armour
 + Level 4.2 Shields


You had 2 spell levels left.
You didn't know any spells.
Your spell library was empty.

Dungeon Overview and Level Annotations

Branches:
Dungeon (1/1)

Altars:


Innate Abilities, Weirdness & Mutations

Your serpentine skin is tough. (AC +1)
You have supernaturally acute eyesight. (SInv)
Armour fits poorly on your strangely shaped body.
Your system is resistant to poisons. (rPois)
You cover ground very slowly.
You can spit poison.
You have a snake-like lower body.


Message History

The adder is almost dead.
The adder closely misses you.
You closely miss the adder.
The adder is almost dead.
The adder closely misses you.
You slice the adder!!
You kill the adder!
Your Shields skill increases to level 4!
You barely miss the orc. You block the orc's attack.
You hit the orc.
The orc is severely wounded.
The orc hits you with a +0 club.
You barely miss the orc.
The orc is severely wounded.
The orc hits you but does no damage.
You slash the orc!
You kill the orc!
You slash the ufetubus!
You kill the ufetubus!
Your Axes skill increases to level 4!
You barely miss the iguana. You block the iguana's attack.
You hit the iguana.
The iguana is lightly wounded.
You barely miss the iguana.
The iguana is lightly wounded.
You are no longer berserk.
You are exhausted.
You feel yourself slow down. The iguana bites you.
You slash the iguana!
The iguana is heavily wounded.
The iguana misses you. The iguana barely misses you.
You hit the iguana.
The iguana is almost dead.
The iguana closely misses you. You block the iguana's attack.
You hit the iguana but do no damage.
The iguana is almost dead.
The iguana bites you!
* * * LOW HITPOINT WARNING * * *
The iguana bites you!
You die... ▓▓▓▓▓▓▓▓▓▓▓▓▓▓▓▓▓▓ ▓<...'.)..@l.....+ ▓▓▓▓▓▓▓▓▓▓▓▓▓▓▓▓▓▓

You could see an iguana.

Vanquished Creatures
  An iguana (D)
  An adder (D)
  An ufetubus (D)
  2 dart slugs (D)
  An orc (D)
  An endoplasm (D)
  A goblin (D)
  A rat (D)
9 creatures vanquished.

Notes
Turn   | Place    | Note
-------+----------+-------------------------------------------
     0 | D        | Groucho the Naga Fighter began the quest for the Orb.
     0 | D        | Reached XP level 1. HP: 21/21 MP: 1/1
    13 | D        | Reached XP level 2. HP: 12/28 MP: 2/2
   557 | D        | Reached XP level 3. HP: 26/36 MP: 3/3
   572 | D        | Slain by an iguana

Illustrated notes

Levels and vault maps discovered:
D:        linesprint [early_d, line_temple, items_1, d_10, items_2, lair_1,
          lair_end, items_3, orc_1, orc_end, items_4, d_15, swamp_1, shoals_1,
          snake_1, spider_1, d_20, vaults_1, items_5, swamp_end, shoals_end,
          snake_end, spider_end, vaults_end, d_27, items_6, zot_1, zot_end,
          crypt_end, forest_end, elf_end, slime_end, tomb_end, abyss_end,
          pan_hell_end]

Skill      XL: |  1  2  3 |
---------------+----------+-----
Shields        | 3 4 |  4.2
Fighting       | 4 |  4.6
Axes           | 3 4 |  4.0
Armour         | 3 |  3.8

Action                   || total
-------------------------++-------
Melee: War axe           ||    34
  Use: Potion            ||     2
Armor: Scale mail        ||     7
Dodge: Dodged            ||    10
Block: Buckler           ||     5
